 Dungeon Crawl Stone Soup version 0.31-a0-765-g67fe2935dc (webtiles) character file.

Game seed: 15622763786225967598

19 Descartes the Chucker (level 2, 0/15 HPs)
             Began as a Deep Elf Wanderer on Sept 16, 2023.
             Slain by a kobold
             ... wielding a +3 dagger
              (7 damage)
             ... on level 1 of the Dungeon.
             The game lasted 00:01:36 (572 turns).

Descartes the Chucker (Deep Elf Wanderer)            Turns: 572, Time: 00:01:37

Health: 0/15       AC:  2    Str:  5    XL:     2   Next: 55%
Magic:  8/8        EV: 12    Int: 16    God:
Gold:   28         SH:  0    Dex: 18    Spells: 6/7 levels left

rFire   . . .        a - +2 dagger
rCold   . . .        (no shield)
rNeg    . . .        e - +0 robe
rPois   .            (no helmet)
rElec   .            (no cloak)
rCorr   .            (no gloves)
SInv    .            (no boots)
Will    .....        (no amulet)
Stlth   ++           (no ring)
HPRegen 0.22/turn    (no ring)
MPRegen 0.11/turn

%: no passive effects
@: no status effects
A: no striking features
a: no special abilities


You were on level 1 of the Dungeon.
You visited 1 branch of the dungeon, and saw 1 of its levels.

You collected 28 gold pieces.

Inventory:

Hand Weapons
 a - a +2 dagger (weapon)
Missiles
 b - 4 curare-tipped darts (quivered)
 g - 5 stones
Armour
 e - a +0 robe (worn)
Scrolls
 h - a scroll of teleportation {unknown}
 j - a scroll of amnesia {unknown}
Potions
 c - a potion of curing
 d - 2 potions of attraction
 f - 3 potions of enlightenment {unknown}
 i - a potion of heal wounds {unknown}


   Skills:
 + Level 0.9 Short Blades
 - Level 5.0 Throwing
 - Level 1.2 Dodging
 + Level 1.3 Stealth
 + Level 3.4 Spellcasting
 + Level 3.2 Hexes


You had 6 spell levels left.
You knew the following spells:

 Your Spells              Type           Power      Damage    Failure   Level
a - Slow                  Hex            52%        N/A       4%          1

Your spell library contained the following spells:

 Spells                   Type           Power      Damage    Failure   Level
 Confusing Touch          Hex            13%        N/A       14%         3
 Cigotuvi's Dreadful Rot  Necr/Pois/Air  4%         N/A       26%         2
 Ignite Poison            Fire/Tmut/Pois 2%         N/A       47%         3
 Freezing Cloud           Conj/Ice/Air   1%         6-21      99%         5


Dungeon Overview and Level Annotations

Branches:
Dungeon (1/15)

Altars:


Message History

The ball python bites you. The ball python closely misses you.
You hit the ball python.
You kill the ball python!
The goblin shouts!
The kobold hits you with a +3 dagger!
You are too injured to fight recklessly!
You are too injured to fight recklessly!
You are too injured to fight recklessly!
You are too injured to fight recklessly!
You are too injured to fight recklessly!
You are too injured to fight recklessly!
You are too injured to fight recklessly!
You are too injured to fight recklessly!
You are too injured to fight recklessly!
You are too injured to fight recklessly!
You are too injured to fight recklessly!
You are too injured to fight recklessly!
You are too injured to fight recklessly!
You are too injured to fight recklessly!
You are too injured to fight recklessly!
You are too injured to fight recklessly!
You are too injured to fight recklessly!
Unknown command.
The kobold attacks as it pursues you! The kobold closely misses you.
You are too injured to fight recklessly!
You are too injured to fight recklessly!
You are too injured to fight recklessly!
You are too injured to fight recklessly!
You are too injured to fight recklessly!
You are too injured to fight recklessly!
You are too injured to fight recklessly!
You are too injured to fight recklessly!
You are too injured to fight recklessly!
You are too injured to fight recklessly!
You are too injured to fight recklessly!
You are too injured to fight recklessly!
You are too injured to fight recklessly!
You are too injured to fight recklessly!
You closely miss the kobold. The kobold hits you with a +3 dagger!
You die...

...)..........'.........+
######.#...####.........#
. #.##.## ##.......## #
#.#### ##.....## # #.#
##...## # #.. ##.## # ##.
#.#.## .######
##.###.########
.......##@## ##........
.......bK#.###.########
.##.##.#.#..#..#
#.#g##...## #.#.###.##
#.#.# #.# ..... ..#
#.#.##### ....#


You could see a goblin, a bat and a kobold.

Vanquished Creatures
  A dart slug (D:1)
  A giant cockroach (D:1)
  4 goblins (D:1)
  2 quokkas (D:1)
  2 ball pythons (D:1)
  A bat (D:1)
  2 kobolds (D:1)
  3 rats (D:1)
16 creatures vanquished.

Notes
Turn   | Place    | Note
-------+----------+-------------------------------------------
     0 | D:1      | Descartes the Deep Elf Wanderer began the quest for the
                  | Orb.
     0 | D:1      | Descartes set off with the following items: a +2 dagger, 4
                  | curare-tipped darts, a potion of curing, a potion of
                  | attraction, a +0 robe; and the following spell memorised:
                  | Slow; and the following spells available to memorise:
                  | Confusing Touch.
     0 | D:1      | Reached XP level 1. HP: 10/10 MP: 6/6
   385 | D:1      | Reached skill level 1 in Stealth
   385 | D:1      | Reached XP level 2. HP: 11/15 MP: 8/8
   572 | D:1      | Slain by a kobold

Illustrated notes

Levels and vault maps discovered:
D:1:      heliophobic_arrival_glass_houses, layout_loops_corners,
          feat_on_display

Skill      XL: |  1 |
---------------+----+-----
Hexes          | 3 |  3.2
Stealth        | 1 |  1.3
Short Blades   | |  0.9
Throwing       | |  5.0
Dodging        | |  1.2
Spellcasting   | |  3.4

Action                     || total
---------------------------++-------
  Melee: Dagger            ||    47
 Armour: Robe              ||    22
  Dodge: Dodged            ||    31

Table legend: (Time is in decaauts)
 A = Elapsed time spent in this place.
 B = Non-inter-level travel time spent in this place.
 C = Inter-level travel time spent in this place.
 D = Time resting spent in this place.
 E = Time spent auto-exploring this place.
 F = Levels seen in this place.
 G = Mean time per level.
                   A        B        C        D        E       F      G
               +--------+--------+--------+--------+--------+-----+--------+
         Total |    571 |    571 |      0 |      0 |    464 |   1 |  571.0 |
       Dungeon |    571 |    571 |      0 |      0 |    464 |   1 |  571.0 |
               +--------+--------+--------+--------+--------+-----+--------+

Top non-repeatable levels by time:
     D:1: 571 daAuts
